 Dungeon Crawl Stone Soup version 0.18-a0-844-g9229740 (webtiles) character file.

121 Kolbur the Sneak (level 5, -1/30 HPs)
             Began as a Kobold Assassin on Dec 19, 2015.
             Succumbed to poison (a potion of poison)
             ... on level 3 of the Dungeon.
             The game lasted 00:11:38 (847 turns).

Kolbur the Sneak (Kobold Assassin)                   Turns: 847, Time: 00:11:39

Health: -1/30      AC:  3    Str:  9    XL:     5   Next: 26%
Magic:  5/5        EV: 16    Int:  9    God:
Gold:   63         SH:  0    Dex: 19    Spells: 0 memorised, 4 levels left

rFire  . . .     SeeInvis .     b - +0 blowgun
rCold  . . .     Gourm    .     t - +0 robe (curse)
rNeg   . . .     Faith    .     (shield restricted)
rPois  .         Spirit   .     (no helmet)
rElec  .         Dismiss  .     d - +0 cloak
rCorr  .         Reflect  .     (no gloves)
SustAt .         Harm     .     (no boots)
MR     .....                    (no amulet)
Stlth  ++++......               (no ring)
                                (no ring)

@: lethally poisoned (-1 -> -24), invisible, not resistant to hostile
enchantments, stealthy
A: carnivore 3
a: no special abilities


You were on level 3 of the Dungeon.
You were not hungry.

You visited 1 branch of the dungeon, and saw 3 of its levels.

You collected 63 gold pieces.

Inventory:

Hand Weapons
 a - a +3 dagger
 b - a +0 blowgun (weapon)
Missiles
 e - 22 poisoned needles (quivered)
 h - 51 stones
Armour
 d - a +0 cloak (worn)
 j - a +2 shield
 t - a cursed +0 robe (worn)
Scrolls
 l - a scroll of identify {unknown}
 m - a scroll of fear
 n - a scroll of magic mapping {unknown}
 p - a scroll of recharging {unknown}
 r - a scroll of random uselessness {unknown}
 s - a scroll of teleportation {unknown}
Potions
 o - a potion of resistance {unknown}
 q - a potion of lignification {unknown}
Comestibles
 g - 3 meat rations


   Skills:
 - Level 2.1 Fighting
 + Level 4.0 Short Blades
 - Level 2.1 Throwing
 - Level 3.1 Dodging
 + Level 7.0 Stealth


You had 4 spell levels left.
You didn't know any spells.

Dungeon Overview and Level Annotations

Branches:
Dungeon (3/15)

Altars:
Gozag


Innate Abilities, Weirdness & Mutations

You are small and have problems with some larger weapons.
You are carnivorous and can eat meat at any time.


Message History

Aim: a kobold, wielding a blowgun and carrying a wand of cold {zapped: 1} You shoot a curare-tipped needle.
The curare-tipped needle closely misses the kobold.
* * * LOW HITPOINT WARNING * * *
You feel sick.
Firing (i - inventory. (,) - cycle):
e - 22 poisoned needles (quivered)
Press: ? - help, Shift-Dir - straight line, f/p - kobold
Aim: a kobold, wielding a blowgun and carrying a wand of cold {zapped: 1}
Okay, then.
Drink which item? (? for menu, Esc to quit)
It was a potion of poison.
That liquid tasted very nasty...
You are more poisoned.
* * * LOW HITPOINT WARNING * * *
You feel sick.
The kobold shoots a poisoned needle.
The poisoned needle closely misses you.
Drink which item? (? for menu, Esc to quit)
It was a potion of invisibility.
You fade into invisibility!
You die...

.##################.#
...## #.# ..8.# #.#
....########## #.#
_.....#..o..oo #.#
....#...## #.#
..8.###.?.o.# #.#
...## #####(#######.#
.### ......K...@..(#
.#### ##..#(#########
....# # ...)# ....'..
....### #####


You could see a kobold.

Vanquished Creatures
  An orc priest (D:3)
  Natasha (D:2)
  4 adders
  A worm (D:2)
  7 orcs
  A giant cockroach (D:3)
  2 hobgoblins
  2 jackals (D:2)
  A ball python (D:2)
  A bat (D:2)
  2 giant newts
  2 kobolds
  2 rats
27 creatures vanquished.

Notes
Turn   | Place    | Note
--------------------------------------------------------------
     0 | D:1      | Kolbur the Kobold Assassin began the quest for the Orb.
     0 | D:1      | Reached XP level 1. HP: 12/12 MP: 1/1
    27 | D:2      | Reached XP level 2. HP: 17/17 MP: 2/2
   152 | D:2      | Noticed Natasha
   166 | D:2      | Killed Natasha
   166 | D:2      | Reached skill level 6 in Stealth
   166 | D:2      | Reached XP level 3. HP: 21/21 MP: 3/3
   413 | D:2      | Reached XP level 4. HP: 16/26 MP: 4/4
   641 | D:3      | Found an opulent altar of Gozag.
   745 | D:3      | Reached skill level 7 in Stealth
   745 | D:3      | Reached XP level 5. HP: 4/30 MP: 5/5
   846 | D:3      | HP: 1/30 [poison (a potion of poison)]
   847 | D:3      | Succumbed to poison (a potion of poison)

Vault maps used:
D:1:      saegor_arrival_simple_b
D:2:      hangedman_decor_clover_reticule, minmay_misc_feat_roman, uniq_natasha
D:3:      grunt_gozag_statues, first_bread

Action                   |  1- 3 |  4- 6 || total
-------------------------+-------+-------++-------
Melee: Dagger            |    19 |    41 ||    60
 Fire: Blowgun           |     9 |    15 ||    24
  Use: Scroll            |       |     1 ||     1
       Potion            |       |     2 ||     2
 Stab: Sleeping          |     4 |     2 ||     6
       Distracted        |       |     1 ||     1

Vault maps used:
D:1:      saegor_arrival_simple_b
D:2:      hangedman_decor_clover_reticule, minmay_misc_feat_roman, uniq_natasha
D:3:      grunt_gozag_statues, first_bread

Table legend:
 A = Turns spent in this place as a percentage of turns spent in the entire game.
 B = Non-inter-level travel turns spent in this place as a percentage of non-inter-level travel turns spent in the entire game.
 C = Inter-level travel turns spent in this place as a percentage of turns spent in this place.
 D = Turns resting spent in this place as a percentage of non-inter-level travel turns spent in this place.
 E = Turns spent auto-exploring this place as a percentage of non-inter-level travel turns spent in this place.
 F = Non-inter-level travel turns spent in this place divided by the number of levels of this place that you've seen.
                   A       B       C       D       E      F
               +-------+-------+-------+-------+-------+----------------------
         Total | 100.0 | 100.0 |   0.1 |   0.0 |   0.0 | 275.3
       Dungeon | 100.0 | 100.0 |   0.1 |   0.0 |   0.0 | 275.3
               +-------+-------+-------+-------+-------+----------------------
